[Event "HUN-chT Youth 2019"]
[Site "Budapest"]
[Date "2019.10.28"]
[Round "4.25"]
[White "Palczert, Botond"]
[Black "Gombocz, Zsofia"]
[Result "1-0"]
[ECO "D35"]
[WhiteElo "2039"]
[BlackElo "1917"]
[Annotator "NA"]
[PlyCount "79"]
[EventDate "2019.10.26"]
[EventType "team-tourn"]
[EventCountry "HUN"]
[SourceTitle "playchess.com"]
[Source "ChessBase"]
[SourceQuality "1"]
[TimeControl "5400+30"]

1. d4 d5 2. c4 e6 3. Nc3 Nf6 4. cxd5 exd5 5. Bg5 Be7 6. e3 c6 7. Bd3 h6 8. Bf4 O-O 9. Nf3 {[%emt 0:06:34] D35: Queen's Gambit Declined: Exchange Variation} Be6 (9... Bd6 10. Bg3 Bxg3 11. hxg3 Bg4 12. Qb3 Qc7 13. O-O-O Nbd7 14. Kb1 Rfe8 15. Rc1 Qb6 16. Nd2 Nf8 {1-0 (53) Turov,M (2585)-Volodin,A (2457) Tallinn 2019}) 10. O-O Nbd7 11. h3 Re8 12. Qc2 Nb6 13. Bh2 Nc4 14. Ne5 Nxe5 15. dxe5 Nd7 16. f4 $146 ({Predecessor:} 16. Ne2 Nc5 17. Bh7+ Kh8 {1-0 (41) Srebrnic,A (2191)-Samanic,V (1644) Rijeka 2012}) 16... d4 $2 ({Black should try} 16... Nc5 $14) 17. exd4 Nb6 18. Ne2 Bc8 19. f5 Bg5 20. Kh1 Nd5 21. Rf3 Nb4 22. Qb3 Nxd3 23. Qxd3 b6 24. Rd1 a5 25. Qc2 Ba6 (25... Ra7 {keeps fighting.} 26. Nf4 Ba6) 26. Ng3 Qd5 27. b3 Red8 28. Ne4 c5 $18 29. Nxg5 hxg5 30. f6 gxf6 31. Rxf6 Bb7 32. Rdf1 Re8 33. Rxf7 Qxf7 34. Rxf7 Kxf7 35. Qh7+ Ke6 36. Qxb7 cxd4 37. Qc6+ Kf7 38. Qf6+ Kg8 39. Qxg5+ Kf7 40. Qf6+ 1-0

[Event "HUN-chT Youth 2019"]
[Site "Budapest"]
[Date "2019.10.28"]
[Round "4.26"]
[White "Barasits, Balint"]
[Black "Kozsik, Bende Barnabas"]
[Result "0-1"]
[ECO "B40"]
[WhiteElo "1988"]
[BlackElo "1943"]
[Annotator "NA RC"]
[PlyCount "74"]
[EventDate "2019.10.26"]
[EventType "team-tourn"]
[EventCountry "HUN"]
[SourceTitle "playchess.com"]
[Source "ChessBase"]
[SourceQuality "1"]
[TimeControl "5400+30"]

1. e4 c5 2. Nf3 e6 3. c4 Qc7 4. Nc3 a6 5. Be2 Nc6 (5... b6 6. d4 cxd4 7. Nxd4 Bb7 8. Be3 Nf6 9. f3 Be7 10. O-O O-O 11. Kh1 d6 12. Rc1 Nbd7 13. b4 Rac8 14. a3 Rfe8 15. Qd2 Qb8 16. Rfd1 Bd8 17. Nb3 Bc7 18. Bf4 d5 19. Bxc7 Rxc7 20. cxd5 exd5 21. exd5 Nxd5 22. Nxd5 Bxd5 23. Nd4 b5 24. Bf1 Rxc1 25. Rxc1 {½-½ (40) Yu,Y (2738)-Karthikeyan,M (2578) Moscow 2017}) 6. O-O {[%emt 0:00:55] B40: Sicilian: 2...e6, Unusual lines} Nd4 7. d3 g6 8. g3 $146 ({Predecessor:} 8. Nxd4 cxd4 9. Nb1 Bg7 10. f4 Ne7 11. Qe1 O-O 12. Qh4 d5 13. Nd2 dxc4 14. dxc4 {1-0 (40) Navara,D (2479)-Hausner,I (2430) Kunzak 2001}) 8... Bg7 9. Bf4 d6 10. Nxd4 cxd4 11. Nb1 $1 Ne7 12. Na3 O-O 13. Rc1 b6 14. b4 e5 15. Bd2 Bb7 16. Qb3 Rac8 ({Better is} 16... Kh8 $11) 17. f3 Qd7 18. Kg2 h5 19. h4 Kh7 20. b5 a5 21. Nc2 f5 22. Kh2 Ng8 23. Ne1 Rce8 24. Qc2 fxe4 25. dxe4 {[%emt 0:00:08] [#]} Bc8 $1 26. Kg2 $2 (26. Rf2 Qh3+ 27. Kg1) 26... Qh3+ 27. Kf2 Nf6 28. Nd3 Nxe4+ {[%emt 0:01:09] Double Attack} 29. Ke1 Qxg3+ 30. Kd1 Nxd2 31. Qxd2 Bh6 32. f4 exf4 33. Rf3 Rxe2 34. Qxe2 {[%emt 0:01:32] [#]} Bg4 $19 35. Ne1 Qxh4 36. Ng2 Bxf3 37. Qxf3 Qg4 0-1

[Event "HUN-chT Youth 2019"]
[Site "Budapest"]
[Date "2019.10.28"]
[Round "4.27"]
[White "Kelemen, Szabolcs"]
[Black "Kiraly, Barnabas"]
[Result "1-0"]
[ECO "B01"]
[WhiteElo "1960"]
[BlackElo "1742"]
[Annotator "NA RC"]
[PlyCount "35"]
[EventDate "2019.10.26"]
[EventType "team-tourn"]
[EventCountry "HUN"]
[SourceTitle "playchess.com"]
[Source "ChessBase"]
[SourceQuality "1"]
[TimeControl "5400+30"]

1. e4 d5 2. exd5 Qxd5 3. Nc3 Qa5 4. d4 Nf6 5. Bc4 Bf5 6. Nf3 e6 7. Bd2 c6 8. Qe2 Qc7 9. O-O-O Be7 10. Rhe1 O-O ({Better is} 10... b5 $11 11. Bd3 Bxd3 12. Qxd3 Nbd7) 11. Nh4 Bd6 12. f3 ({White should play} 12. Nxf5 $16 exf5 13. Qf3) 12... Re8 $2 (12... b5 $11 13. Nxf5 exf5) 13. Nxf5 exf5 {[%emt 0:01:50] [#]} 14. Qxe8+ $1 Nxe8 15. Rxe8+ Bf8 16. Rde1 b5 17. Nxb5 cxb5 {[%emt 0:00:14] [#]} 18. Rxf8+ $19 {[%emt 0:00:12] Remove Defender} 1-0

[Event "HUN-chT Youth 2019"]
[Site "Budapest"]
[Date "2019.10.28"]
[Round "4.28"]
[White "Petroczy, Zoltan"]
[Black "Tancz, Janos"]
[Result "1-0"]
[ECO "B32"]
[WhiteElo "1573"]
[BlackElo "1486"]
[Annotator "NA RC"]
[PlyCount "71"]
[EventDate "2019.10.26"]
[EventType "team-tourn"]
[EventCountry "HUN"]
[SourceTitle "playchess.com"]
[Source "ChessBase"]
[SourceQuality "1"]
[TimeControl "5400+30"]

1. e4 c5 2. Nf3 Nc6 3. d4 cxd4 4. Nxd4 g6 5. Be3 Bg7 6. Nc3 Nf6 7. Nxc6 bxc6 8. e5 Ng8 9. f4 d6 10. Bc4 Nh6 11. Qd2 O-O 12. O-O-O Nf5 13. exd6 Nxe3 14. Qxe3 exd6 15. Qd3 d5 16. Bb3 Bf5 17. Qf3 Qc7 18. g4 Bd7 19. h4 Qc8 20. Rhg1 a5 21. h5 Bxc3 22. Qxc3 a4 23. hxg6 hxg6 24. Rh1 f6 25. Qh3 Kf7 26. Qh7+ Ke8 27. Qxg6+ Kd8 28. Bxd5 cxd5 29. Rxd5 Qc6 30. Rhd1 Ra7 31. Qg7 Re8 32. Rd6 Qb5 33. Qxf6+ Re7 34. Re6 a3 35. Qxe7+ Kc8 36. b3 1-0

[Event "HUN-chT Youth 2019"]
[Site "Budapest"]
[Date "2019.10.28"]
[Round "4.29"]
[White "Palczert, Hajnalka"]
[Black "Farkas, Boglarka"]
[Result "0-1"]
[ECO "A04"]
[WhiteElo "1531"]
[BlackElo "1391"]
[Annotator "NA"]
[PlyCount "144"]
[EventDate "2019.10.26"]
[EventType "team-tourn"]
[EventCountry "HUN"]
[SourceTitle "playchess.com"]
[Source "ChessBase"]
[SourceQuality "1"]
[TimeControl "5400+30"]

1. Nf3 d6 2. d4 Nc6 3. g3 e5 4. Nc3 exd4 5. Nxd4 Nxd4 6. Qxd4 Nf6 7. Bg2 Be7 8. O-O O-O 9. Bf4 Re8 10. Rad1 a6 11. Rd2 Nd7 12. Nd5 Nb8 13. Rfd1 Nc6 14. Nxe7+ Qxe7 15. Bxc6 bxc6 16. Qa4 c5 17. Be3 Bd7 18. Qf4 Bb5 19. Kf1 Qe5 20. c4 Qxf4 21. Bxf4 Bxc4 22. b3 Bb5 23. Be3 f6 24. Rd5 Re7 25. a4 Be8 26. Bd2 Bf7 27. Rd3 Rb8 28. Rc1 Rxb3 29. Ba5 Rxd3 30. exd3 Bd5 31. Rb1 Bc6 32. Ra1 Kf7 33. Bc3 Kg6 34. a5 Bb5 35. Rd1 d5 36. Bb2 c4 37. dxc4 Bxc4+ 38. Kg2 c6 39. Bd4 Bb5 40. Bb6 Re8 41. Rd4 Re4 42. Rd2 Re1 43. Rd4 Re4 44. Rd2 Kf5 45. Bc5 Rc4 46. Bb6 Rc1 47. h3 g5 48. Rd4 Rc4 49. Rd2 h5 50. Rd1 Re4 51. Rd2 Ke6 52. Rd1 Kd6 53. Bd8 Ke6 54. Bb6 g4 55. hxg4 hxg4 56. Rd2 Re1 57. Rd4 f5 58. Rd2 Be2 59. f4 gxf3+ 60. Kf2 Rc1 61. Ke3 c5 62. Kf4 Rc4+ 63. Ke3 d4+ 64. Kf4 d3+ 65. Ke3 Re4+ 66. Kf2 c4 67. Be3 c3 68. Ra2 Rc4 69. Ke1 Kd5 70. Bg5 Kc6 71. Be3 Kb5 72. Bg5 Ra4 0-1

[Event "HUN-chT Youth 2019"]
[Site "Budapest"]
[Date "2019.10.28"]
[Round "4.30"]
[White "Nyuli, Leila"]
[Black "Kreiter, Lilla"]
[Result "1-0"]
[ECO "B32"]
[WhiteElo "1258"]
[BlackElo "1280"]
[Annotator "NA RC"]
[PlyCount "59"]
[EventDate "2019.10.26"]
[EventType "team-tourn"]
[EventCountry "HUN"]
[SourceTitle "playchess.com"]
[Source "ChessBase"]
[SourceQuality "1"]
[TimeControl "5400+30"]

1. e4 c5 2. Nf3 Nc6 3. d4 cxd4 4. Nxd4 g6 5. b3 Bg7 6. Bb2 Nf6 7. f3 O-O 8. Nc3 d5 9. Nxc6 bxc6 10. Rb1 Qd6 11. Qe2 dxe4 12. fxe4 Qc5 13. Qc4 Qe3+ 14. Qe2 Qf4 15. Qf3 Qg5 16. Bc1 Qc5 17. Qe3 Nd7 18. Qxc5 Nxc5 19. Bb2 Bxc3+ 20. Bxc3 Nxe4 21. Bb2 Rd8 22. Bc4 Nd2 23. Rd1 Nf3+ 24. gxf3 Bf5 25. Bd3 Bh3 26. Be4 Rxd1+ 27. Kxd1 Rd8+ 28. Kc1 Rd6 29. Rd1 Re6 30. Rd8# 1-0

[Event "HUN-chT Youth 2019"]
[Site "Budapest"]
[Date "2019.10.28"]
[Round "4.32"]
[White "Gyurika, Tamas"]
[Black "Kratzmajer, Akos Gyorgy"]
[Result "0-1"]
[ECO "C55"]
[WhiteElo "1920"]
[BlackElo "2004"]
[Annotator "NA RC"]
[PlyCount "72"]
[EventDate "2019.10.26"]
[EventType "team-tourn"]
[EventCountry "HUN"]
[SourceTitle "playchess.com"]
[Source "ChessBase"]
[SourceQuality "1"]
[TimeControl "5400+30"]

1. e4 e5 2. Nf3 Nc6 3. d4 exd4 4. Bc4 Nf6 5. e5 d5 6. Bb5 Ne4 7. Nxd4 Bc5 8. O-O O-O 9. Bxc6 bxc6 10. Be3 Bxd4 {[%emt 0:03:05] C56: Two Knights: 4 d4 exd4 5 0-0 Nxe4} 11. Qxd4 c5 12. Qd3 c4 (12... Bf5 13. Qe2 d4 14. f3 Ng5 15. Bxg5 Qxg5 16. Na3 Rfe8 17. Rae1 Rad8 18. Rf2 {½-½ (26) Carlsen,M (2875)-So,W (2754) Stavanger 2019}) 13. Qd1 Bb7 14. Nd2 $146 ({Predecessor:} 14. f3 Ng5 15. Qd2 Ne6 16. Rd1 c5 17. c3 Qc7 18. f4 Qc6 {0-1 (30) Organek,M-Kaula,I Slask 1996}) 14... Nxd2 15. Qxd2 Qe7 16. Rfe1 c5 17. Bg5 Qe6 18. Qf4 (18. f4 $11 {remains equal.}) 18... d4 19. Qg3 Qg6 20. f4 Be4 21. c3 Rab8 22. Re2 (22. Be7 $11) 22... Rb7 23. Rae1 Bd3 24. Rf2 $2 (24. Rd2 $11) 24... h6 25. Qf3 Rfb8 26. Bh4 Rxb2 27. cxd4 cxd4 28. g4 Rb1 29. Rd2 Be4 30. f5 Qc6 31. Qf4 d3 32. e6 c3 33. Rdd1 d2 34. Rxb1 Rxb1 35. Rxb1 Bxb1 36. Qb8+ Kh7 0-1

[Event "HUN-chT Youth 2019"]
[Site "Budapest"]
[Date "2019.10.28"]
[Round "4.33"]
[White "Pasti, Anna"]
[Black "Blahota, Marcell"]
[Result "0-1"]
[ECO "A00"]
[WhiteElo "1884"]
[BlackElo "1765"]
[Annotator "NA RC"]
[PlyCount "158"]
[EventDate "2019.10.26"]
[EventType "team-tourn"]
[EventCountry "HUN"]
[SourceTitle "playchess.com"]
[Source "ChessBase"]
[SourceQuality "1"]
[TimeControl "5400+30"]

1. g3 d5 2. Bg2 Nf6 3. d3 c5 4. Nf3 Nc6 5. b3 e6 6. Bb2 Be7 7. Nbd2 O-O 8. O-O Qc7 9. Ne1 $146 {[%emt 0:03:57] A06: Réti Opening:1 Nf3 d5} ({Predecessor:} 9. Re1 e5 10. e4 d4 11. Nh4 g6 12. Bc1 Bg4 13. Nhf3 b5 14. h3 Bd7 15. Nh2 Qc8 16. h4 h5 {1-0 (69) Gabuzyan,H (2614)-Kotanjian,T (2485) Yerevan 2016}) 9... e5 10. e4 dxe4 11. Nxe4 Be6 12. Nxf6+ Bxf6 13. f4 Nd4 14. Bxd4 exd4 15. Qf3 Rab8 16. g4 h6 17. Bh3 (17. Qg3 $11) 17... Rbd8 18. Ng2 (18. Bg2 $15) 18... Bd5 19. Qf2 Rfe8 20. Rae1 Qd7 ({Better is} 20... g6 $17 21. Rxe8+ Rxe8) 21. Qg3 ({Better is} 21. f5 $15) 21... Bxg2 22. Bxg2 Re3 23. Rxe3 dxe3 24. Kh1 Bd4 25. g5 hxg5 26. fxg5 g6 27. Be4 b5 28. Qh4 (28. Kg2 $15) 28... Qe6 29. Qg3 b4 30. Qf3 Kg7 31. Kg2 f5 32. gxf6+ $1 Qxf6 33. Qg4 Qd6 34. Rf5 e2 35. Rg5 e1=N+ $14 (35... e1=Q $19 36. Rxg6+ Kf7 37. Qf5+ Bf6) 36. Kh1 Kf7 37. Bxg6+ Ke7 38. Qh4 Qf6 39. Qxe1+ Kd7 40. Rd5+ Kc6 41. Rf5 Qxg6 42. Qe4+ Kb6 43. Rf1 Qxe4+ 44. dxe4 Re8 45. Re1 Kc6 46. Kg2 Rg8+ 47. Kh3 Kd6 48. Re2 Ke5 49. Kh4 Kf4 50. Kh5 Kf3 51. Re1 Rh8+ 52. Kg6 Rxh2 53. e5 Rg2+ 54. Kf5 Bc3 55. Rd1 Bxe5 56. Kxe5 Rxc2 57. Ra1 Ke3 58. a3 a5 59. axb4 axb4 60. Rd1 c4 61. bxc4 Rxc4 62. Kd5 Rc3 63. Rh1 Kd3 64. Rh3+ Kc2 65. Rh2+ Kb3 66. Kd4 Rc8 67. Rh3+ Ka2 68. Rh2+ Ka3 69. Rh7 b3 70. Kd3 Ka2 71. Ra7+ Kb1 72. Kd2 Kb2 73. Ra6 Rd8+ 74. Ke3 Kb1 75. Rb6 b2 76. Ra6 Rb8 77. Kd2 Rd8+ 78. Ke3 Rd5 79. Ke4 Rd2 {[%emt 0:00:28] Kd4} 0-1

[Event "HUN-chT Youth 2019"]
[Site "Budapest"]
[Date "2019.10.28"]
[Round "4.34"]
[White "Oros, Mikhailo"]
[Black "Hegedus, Luca"]
[Result "1-0"]
[ECO "A05"]
[WhiteElo "1704"]
[BlackElo "1845"]
[Annotator "NA"]
[PlyCount "127"]
[EventDate "2019.10.26"]
[EventType "team-tourn"]
[EventCountry "HUN"]
[SourceTitle "playchess.com"]
[Source "ChessBase"]
[SourceQuality "1"]
[TimeControl "5400+30"]

1. Nf3 Nf6 2. g3 g6 3. Bg2 Bg7 4. c4 c6 5. d4 d5 6. c5 {[%emt 0:03:27] D73: Fianchetto Grünfeld: 5 Nf3} ({White should try} 6. cxd5 $11 cxd5 7. Nc3) (6. Qb3 O-O 7. O-O Qb6 8. Nc3 Rd8 9. Bd2 dxc4 10. Qxc4 Be6 11. Qa4 Bf5 12. Rfe1 Ne4 13. Nxe4 Bxe4 14. Ba5 Qa6 15. Qa3 Re8 16. Bf1 c5 {½-½ (38) Tomashevsky,E (2718)-Nepomniachtchi,I (2776) Khanty-Mansiysk 2019}) 6... Nbd7 $146 ({Predecessor:} 6... O-O 7. O-O Nbd7 8. Bf4 Re8 9. Ne5 Nh5 10. Nxd7 Nxf4 11. gxf4 Bxd7 12. e3 Qc8 13. a3 Bh3 {0-1 (37) Florek,W (1147)-Kozlinski,M (1615) Poland 2016}) 7. O-O Ne4 8. Bf4 O-O 9. Nbd2 e5 10. Nxe4 exf4 11. Nd6 fxg3 12. hxg3 Nf6 13. Nxc8 Rxc8 14. e3 Ne4 15. Nd2 f5 16. Nxe4 fxe4 17. b4 Kh8 18. a4 Qd7 19. Qe2 Rb8 20. Rfb1 b5 21. axb5 Rxb5 22. Qa2 Rb7 23. Qa4 Rfb8 24. Bf1 Qe6 25. b5 Bf8 26. Ra3 cxb5 27. Rxb5 Rxb5 28. Bxb5 Qc8 29. Bf1 Rb1 30. Qxa7 Qf5 31. Ra2 Rc1 32. Qa6 Kg7 $18 (32... h5 {was worth a try.} 33. Qa3 Rb1) 33. Qe2 Kh6 34. Rc2 Rxc2 35. Qxc2 Qc8 36. c6 Bd6 37. Kh2 g5 38. Qa4 Bc7 39. Qb5 Qf5 40. Kg1 Qe6 41. Qb7 Qe7 42. Bh3 Qd6 43. Qc8 Kg6 44. Qe6+ Kg7 45. Qxd6 Bxd6 46. Be6 Kf6 47. Bxd5 Kf5 48. Bg8 Kg6 49. g4 h6 50. Bd5 Kf6 51. Bxe4 Ke6 52. Kg2 Kf6 53. Bf5 Ke7 54. Kf1 Bb8 55. Ke2 Kd6 56. Be4 Ke7 57. Kd3 Bh2 58. d5 Kd6 59. Bg2 Ke7 60. Ke4 Bd6 61. Kf5 Kf7 62. e4 Bb8 63. e5 Ke7 64. d6+ 1-0

[Event "HUN-chT Youth 2019"]
[Site "Budapest"]
[Date "2019.10.28"]
[Round "4.35"]
[White "Kobol, Kitti"]
[Black "Ferku, Donat"]
[Result "0-1"]
[ECO "C16"]
[WhiteElo "1312"]
[BlackElo "1410"]
[Annotator "NA RC"]
[PlyCount "84"]
[EventDate "2019.10.26"]
[EventType "team-tourn"]
[EventCountry "HUN"]
[SourceTitle "playchess.com"]
[Source "ChessBase"]
[SourceQuality "1"]
[TimeControl "5400+30"]

1. e4 e6 2. d4 d5 3. Nc3 Bb4 4. e5 Bxc3+ 5. bxc3 Nc6 6. Bd3 b6 7. Ne2 Bb7 8. Bb2 f6 9. f4 Qe7 10. O-O O-O-O 11. c4 dxc4 12. Bxc4 fxe5 13. fxe5 Nxe5 14. Bb3 Nc6 15. Qe1 Nf6 16. c3 e5 17. Rc1 Ba6 18. Rf2 Rhe8 19. Ba4 b5 20. Bb3 exd4 21. cxd4 Nxd4 22. Bxd4 Rxd4 23. Qc3 Rd7 24. Ng3 b4 25. Qc2 Ng4 26. Ba4 Nxf2 27. Bxd7+ Qxd7 28. Qxf2 Qe6 29. h3 Qe3 30. Rb1 Qxf2+ 31. Kxf2 c5 32. Rc1 c4 33. Kf3 c3 34. a3 Bb7+ 35. Kf2 a5 36. Ne2 Rd8 37. g3 Rd2 38. Ke1 Ra2 39. axb4 axb4 40. Nd4 Rh2 41. Kd1 Rh1+ 42. Kc2 Be4+ 0-1

[Event "HUN-chT Youth 2019"]
[Site "Budapest"]
[Date "2019.10.28"]
[Round "4.36"]
[White "Papp, Regina"]
[Black "Suli, Henrietta"]
[Result "1-0"]
[ECO "C45"]
[WhiteElo "1366"]
[BlackElo "1207"]
[Annotator "NA RC"]
[PlyCount "77"]
[EventDate "2019.10.26"]
[EventType "team-tourn"]
[EventCountry "HUN"]
[SourceTitle "playchess.com"]
[Source "ChessBase"]
[SourceQuality "1"]
[TimeControl "5400+30"]

1. e4 e5 2. Nf3 Nc6 3. d4 exd4 4. Nxd4 Bc5 5. Nb3 Bb6 6. Nc3 Nf6 7. Qe2 O-O 8. Be3 Bxe3 9. Qxe3 Re8 10. f3 d5 11. O-O-O a6 12. Qf2 Be6 13. Kb1 Qd7 14. Nc5 Qd6 15. Nxe6 fxe6 16. g3 Rad8 17. Bg2 d4 18. h3 Qb4 19. Ne2 e5 20. Rhg1 Qc4 21. b3 Qb4 22. f4 Qa3 23. Nc1 a5 24. g4 a4 25. g5 Nd7 26. f5 Ra8 27. f6 Rf8 28. Bf1 axb3 29. Bc4+ Kh8 30. cxb3 Na5 31. fxg7+ Kxg7 32. Qh4 Nxc4 33. bxc4 Qb4+ 34. Ka1 Qc3+ 35. Kb1 Rf4 36. Qh6+ Kh8 37. g6 Nf6 38. gxh7 Nxh7 39. Qg7# 1-0

[Event "HUN-chT Youth 2019"]
[Site "Budapest"]
[Date "2019.10.28"]
[Round "5.1"]
[White "Bohus, Adam"]
[Black "Losonczi, Marcell"]
[Result "1-0"]
[ECO "C77"]
[WhiteElo "2229"]
[BlackElo "2249"]
[Annotator "NA RC"]
[PlyCount "99"]
[EventDate "2019.10.26"]
[EventType "team-tourn"]
[EventCountry "HUN"]
[SourceTitle "playchess.com"]
[Source "ChessBase"]
[SourceQuality "1"]
[TimeControl "5400+30"]

1. e4 e5 2. Nf3 Nc6 3. Bb5 a6 4. Ba4 Nf6 5. Nc3 b5 6. Bb3 Be7 7. d3 d6 8. a3 O-O 9. Nd5 Na5 10. Ba2 Nxd5 11. Bxd5 c6 12. Ba2 c5 13. O-O Be6 14. Bxe6 fxe6 15. b4 Nb7 16. Be3 Rc8 17. Qb1 Qd7 18. Rd1 Bf6 19. Qb2 Rc7 20. c3 Rfc8 21. Rac1 Qc6 22. Qb1 a5 23. d4 exd4 24. cxd4 axb4 25. axb4 c4 26. d5 exd5 27. exd5 Qe8 28. Bd4 c3 29. Qd3 Bxd4 30. Nxd4 Rc4 31. Nc6 Qe4 32. Qxe4 Rxe4 33. Rxc3 Kf8 34. Rf3+ Ke8 35. Ra3 Nd8 36. f3 Re2 37. Nd4 Rb2 38. Re1+ Kf8 39. Rae3 Rxb4 40. Re8+ Kf7 41. Nc6 Rxc6 42. R8e7+ Kf6 43. dxc6 Nxc6 44. R7e6+ Kf7 45. Rxd6 Rc4 46. Rd7+ Kf6 47. Rd6+ Kf7 48. Rdd1 Nd4 49. Re4 Nb3 50. Rd7+ 1-0

[Event "HUN-chT Youth 2019"]
[Site "Budapest"]
[Date "2019.10.28"]
[Round "5.1"]
[White "Bohus, Adam"]
[Black "Krstulovic, Alex"]
[Result "*"]
[ECO "C77"]
[WhiteElo "2229"]
[BlackElo "2324"]
[Annotator "NA"]
[PlyCount "23"]
[EventDate "2019.10.26"]
[EventType "team-tourn"]
[EventCountry "HUN"]
[SourceTitle "playchess.com"]
[Source "ChessBase"]
[SourceQuality "1"]
[TimeControl "5400+30"]

1. e4 e5 2. Nf3 Nc6 3. Bb5 a6 4. Ba4 Nf6 5. Nc3 b5 6. Bb3 Be7 7. d3 d6 8. a3 O-O 9. Nd5 Na5 10. Ba2 Nxd5 11. Bxd5 c6 12. Ba2 *

[Event "HUN-chT Youth 2019"]
[Site "Budapest"]
[Date "2019.10.28"]
[Round "5.1"]
[White "Palczert, Matyas"]
[Black "Turcsanyi, Vince Gergo"]
[Result "1-0"]
[ECO "C44"]
[WhiteElo "2009"]
[BlackElo "1810"]
[Annotator "NA RC"]
[PlyCount "105"]
[EventDate "2019.10.26"]
[EventType "team-tourn"]
[EventCountry "HUN"]
[SourceTitle "playchess.com"]
[Source "ChessBase"]
[SourceQuality "1"]
[TimeControl "5400+30"]

1. e4 e5 2. Nf3 Nc6 3. d4 exd4 4. Nxd4 Nf6 5. Nc3 Bb4 6. Nxc6 bxc6 7. Bd3 d5 8. exd5 cxd5 9. O-O O-O 10. h3 c6 11. Qf3 Rb8 12. Bf4 Bd6 13. b3 Bb7 14. Bxd6 Qxd6 15. Qg3 Qxg3 16. fxg3 Rfe8 17. Na4 Nd7 18. Rae1 g6 19. g4 Kf8 20. Rxe8+ Rxe8 21. b4 Rc8 22. Nc5 Nxc5 23. bxc5 Rc7 24. h4 Bc8 25. g5 Kg7 26. h5 Re7 27. h6+ Kf8 28. a4 Ke8 29. a5 Re5 30. Rb1 Kd7 31. Rf1 Ke7 32. a6 Rxg5 33. Rb1 Kd8 34. Rb8 Re5 35. Ra8 Re7 36. g4 Rc7 37. g5 Ke7 38. Kh2 Ke6 39. Kg3 Ke5 40. c3 d4 41. c4 f5 42. Kf3 Ke6 43. Kf4 Bxa6 44. Rd8 Rd7 45. Rxd7 Kxd7 46. Bxf5+ gxf5 47. g6 d3 48. Ke3 Bxc4 49. gxh7 f4+ 50. Kd2 f3 51. h8=Q f2 52. Qf6 f1=Q 53. Qxf1 1-0

[Event "HUN-chT Youth 2019"]
[Site "Budapest"]
[Date "2019.10.28"]
[Round "5.2"]
[White "Losonczi, Marcell"]
[Black "Pasztor, Balazs"]
[Result "*"]
[ECO "C88"]
[WhiteElo "2249"]
[BlackElo "2152"]
[Annotator "NA"]
[PlyCount "25"]
[EventDate "2019.10.26"]
[EventType "team-tourn"]
[EventCountry "HUN"]
[SourceTitle "playchess.com"]
[Source "ChessBase"]
[SourceQuality "1"]
[TimeControl "5400+30"]

1. e4 e5 2. Nf3 Nc6 3. Bb5 a6 4. Ba4 Nf6 5. O-O Be7 6. Re1 b5 7. Bb3 O-O 8. a4 d5 9. exd5 Na5 10. Nxe5 Nxb3 11. Nc6 Bg4 12. Nxd8 Bxd1 13. cxb3 *

[Event "HUN-chT Youth 2019"]
[Site "Budapest"]
[Date "2019.10.28"]
[Round "5.2"]
[White "Tancsa, Tamas"]
[Black "Pasztor, Balazs"]
[Result "0-1"]
[ECO "C88"]
[WhiteElo "2082"]
[BlackElo "2152"]
[Annotator "NA RC"]
[PlyCount "42"]
[EventDate "2019.10.26"]
[EventType "team-tourn"]
[EventCountry "HUN"]
[SourceTitle "playchess.com"]
[Source "ChessBase"]
[SourceQuality "1"]
[TimeControl "5400+30"]

1. e4 e5 2. Nf3 Nc6 3. Bb5 a6 4. Ba4 Nf6 5. O-O Be7 6. Re1 b5 7. Bb3 O-O 8. a4 d5 9. exd5 Na5 10. Nxe5 Nxb3 11. Nc6 Bg4 12. Nxd8 Bxd1 13. cxb3 Bxb3 14. Nc6 Bd6 15. Nd4 Rfe8 16. Rf1 Bc4 17. Rd1 Bd3 18. b3 b4 19. Bb2 Nxd5 20. g3 c5 21. Nc6 a5 0-1

[Event "HUN-chT Youth 2019"]
[Site "Budapest"]
[Date "2019.10.28"]
[Round "5.2"]
[White "Lazsadi, Kerka Lilla"]
[Black "Hajdu, Marton Abris"]
[Result "1-0"]
[ECO "A45"]
[WhiteElo "1561"]
[BlackElo "1818"]
[Annotator "NA RC"]
[PlyCount "45"]
[EventDate "2019.10.26"]
[EventType "team-tourn"]
[EventCountry "HUN"]
[SourceTitle "playchess.com"]
[Source "ChessBase"]
[SourceQuality "1"]
[TimeControl "5400+30"]

1. d4 Nf6 2. Bg5 c6 3. Nf3 d5 4. e3 h6 5. Bxf6 exf6 6. c4 Be6 7. Qb3 Qc7 8. Nc3 dxc4 9. Bxc4 Bxc4 10. Qxc4 Bd6 11. O-O O-O 12. Rac1 Qe7 13. Rfe1 Nd7 14. e4 Rfe8 15. Rcd1 Rad8 16. Qd3 Bb8 17. Nh4 Ne5 18. Qh3 Nc4 19. b3 Nb6 20. Nf5 Qc7 21. Re3 Kh7 22. Rg3 Rg8 23. Rxg7+ 1-0

[Event "HUN-chT Youth 2019"]
[Site "Budapest"]
[Date "2019.10.28"]
[Round "5.3"]
[White "Dibusz, Domonkos"]
[Black "Tancsa, Tamas"]
[Result "*"]
[ECO "C88"]
[WhiteElo "2088"]
[BlackElo "2082"]
[Annotator "NA"]
[PlyCount "26"]
[EventDate "2019.10.26"]
[EventType "team-tourn"]
[EventCountry "HUN"]
[SourceTitle "playchess.com"]
[Source "ChessBase"]
[SourceQuality "1"]
[TimeControl "5400+30"]

1. e4 e5 2. Nf3 Nc6 3. Bb5 a6 4. Ba4 Nf6 5. O-O Be7 6. Re1 b5 7. Bb3 O-O 8. h3 Bb7 9. d3 d6 10. a3 Qd7 11. Nbd2 Rfe8 12. Nf1 h6 13. Ng3 Bf8 *

[Event "HUN-chT Youth 2019"]
[Site "Budapest"]
[Date "2019.10.28"]
[Round "5.3"]
[White "Nagy, Botond"]
[Black "Kovacs, Kristof"]
[Result "0-1"]
[ECO "C24"]
[WhiteElo "1281"]
[BlackElo "1547"]
[Annotator "NA"]
[PlyCount "64"]
[EventDate "2019.10.26"]
[EventType "team-tourn"]
[EventCountry "HUN"]
[SourceTitle "playchess.com"]
[Source "ChessBase"]
[SourceQuality "1"]
[TimeControl "5400+30"]

1. e4 e5 2. Bc4 Nf6 3. d3 Nc6 4. Nc3 d6 5. Nge2 Be7 6. O-O O-O 7. h3 Be6 8. Bb3 Qd7 9. Bxe6 fxe6 10. f4 Rf7 11. Be3 Raf8 12. Qd2 d5 13. exd5 exd5 14. fxe5 Nxe5 15. Bf4 Bd6 16. Qe3 Nc6 17. Bxd6 Qxd6 18. Qg3 Qc5+ 19. Kh2 Nh5 20. Qh4 Rxf1 21. Rxf1 Rxf1 22. Qxh5 Qd6+ 23. g3 Ne5 24. Kg2 Rf8 25. Qh4 c5 26. Nf4 d4 27. Ne4 Qb6 28. b3 Qc6 29. Qe7 Ng6 30. Ne6 Nxe7 31. N6xc5 Nd5 32. a4 Nc3 0-1

[Event "HUN-chT Youth 2019"]
[Site "Budapest"]
[Date "2019.10.28"]
[Round "5.4"]
[White "Toth, Nikoletta"]
[Black "Kovacs, Gabor Etele"]
[Result "0-1"]
[ECO "D00"]
[WhiteElo "1965"]
[BlackElo "2053"]
[Annotator "NA RC"]
[PlyCount "68"]
[EventDate "2019.10.26"]
[EventType "team-tourn"]
[EventCountry "HUN"]
[SourceTitle "playchess.com"]
[Source "ChessBase"]
[SourceQuality "1"]
[TimeControl "5400+30"]

1. d4 d5 2. Bf4 Nf6 3. e3 c5 4. c3 Nc6 5. Nd2 Bf5 6. Qb3 Qd7 7. Ngf3 c4 8. Qd1 e6 9. Be2 h6 10. O-O Be7 11. Ne5 Nxe5 12. Bxe5 O-O 13. Bxf6 Bxf6 14. e4 Bg6 15. e5 Be7 16. f4 b5 17. a3 a5 18. Nf3 b4 19. axb4 axb4 20. Qd2 Ra4 21. g4 Rfa8 22. Rxa4 Qxa4 23. Bd1 Qa2 24. h4 Rb8 25. Rf2 bxc3 26. bxc3 Qa1 27. h5 Bd3 28. Kg2 Rb1 29. Bc2 Rb2 30. Ne1 Bh4 31. Nxd3 cxd3 32. Qxd3 Bxf2 33. Qh7+ Kf8 34. Kxf2 Qc1 0-1